 Dungeon Crawl Stone Soup version 0.29-a0-355-g7276a9ff7f (webtiles) character file.

Game seed: 14488908482356671809

5792 Flugkiller the Nimble (level 10, -7/163 HPs)
             Began as an Octopode Cinder Acolyte on Apr 25, 2022.
             Was a Believer of Ignis.
             Mangled by an orc warrior
             ... wielding a +0 war axe
              (11 damage)
             ... in a bailey.
             The game lasted 00:11:01 (8012 turns).

Flugkiller the Nimble (Octopode Cinder Acolyte)     Turns: 8012, Time: 00:11:02

Health: -7/163     AC: 32    Str: 12 (13) XL:     10   Next: 79%
Magic:  11/11      EV:  2    Int: 17 (18) God:    Ignis [**....]
Gold:   476        SH:  4    Dex: 11      Spells: 9/11 levels left

rFire   + . .      SeeInvis .   v - +4 dagger (drain)
rCold   . . .      Faith    .   B - +0 buckler
rNeg    . . .      Spirit   .   (helmet currently unavailable)
rPois   +          Reflect  .   (no amulet)
rElec   .          Harm     .   A - ring of wizardry
rCorr   .          Rampage  .   (no ring)
Will    .....      NoTele   +   (no ring)
Stlth   ..........              (no ring)
HPRegen 0.37/turn               (no ring)
MPRegen 0.12/turn               (no ring)
                                (no ring)
                                (no ring)

@: berserking (expiring), tree-form, fiery-armoured, invisible, very quick
A: stationary, stasis, torment immunity, boosted hp, almost no armour,
(amphibious), 8 rings, (camouflage 1), (gelatinous body 1), (nimble swimmer 1),
(tentacles)
a: Renounce Religion, Fiery Armour, Foxfire Swarm, Rising Flame


You were in a bailey.
You worshipped Ignis.
Ignis was pleased with you.
You were a tree.
You visited 1 branch of the dungeon, and saw 7 of its levels.
You also visited: Bailey.

You collected 476 gold pieces.

Inventory:

Hand Weapons
 a - a +0 spear of flaming
 v - a +4 dagger of draining (weapon)
   (You took it off a goblin on level 4 of the Dungeon)
 y - the +8 hand axe of the Globe {chaos, rF+ Int+4}
   (You found it on level 5 of the Dungeon)

   Each time it hits an enemy it has a different, random effect.
   Int:       It affects your intelligence (+4).
   rF:        It protects you from fire.
Missiles
 f - a curare-tipped dart (quivered)
 i - a throwing net
Armour
 B - a +0 buckler (worn)
   (You found it on level 5 of the Dungeon)
Jewellery
 k - an amulet of faith
   (You found it on level 1 of the Dungeon)
 A - a ring of wizardry (left branch)
   (You found it on level 5 of the Dungeon)
Wands
 u - a wand of acid (2)
   (You found it on level 4 of the Dungeon)
 F - a wand of iceblast (10)
   (You found it on level 5 of the Dungeon)
Scrolls
 c - 2 scrolls of enchant weapon
 j - 2 scrolls of enchant armour
 m - a scroll of vulnerability
 r - a scroll of magic mapping
 t - 3 scrolls of teleportation
 D - a scroll of amnesia
Potions
 b - a potion of ambrosia
 d - a potion of brilliance
 e - 2 potions of cancellation
 g - 3 potions of lignification
 h - 2 potions of haste
 n - a potion of resistance
 o - a potion of flight
 p - a potion of degeneration
 q - 2 potions of curing
 x - a potion of mutation {unknown}
 E - a potion of might {unknown}


   Skills:
 - Level 8.4 Fighting
 - Level 4.0 Short Blades
 - Level 3.0 Polearms
 - Level 13.0 Dodging
 - Level 5.0 Stealth
 - Level 4.0 Shields
 - Level 1.0 Spellcasting
 - Level 3.0 Fire Magic
 + Level 3.1 Evocations


You had 9 spell levels left.
You knew the following spells:

 Your Spells              Type           Power      Damage    Failure   Level
a - Scorch                Fire           22%        2d6       4%          2

Your spell library contained the following spells:

 Spells                   Type           Power      Damage    Failure   Level
 Beastly Appendage        Tmut           0%         N/A       11%         1
 Ensorcelled Hibernation  Hex/Ice        0%         N/A       16%         2
 Passwall                 Tmut/Erth      0%         N/A       16%         2
 Wereblood                Tmut           0%         N/A       16%         2
 Spider Form              Tmut/Pois      0%         N/A       32%         3
 Swiftness                Air            0%         N/A       32%         3
 Tukima's Dance           Hex            0%         N/A       32%         3
 Anguish                  Hex/Necr       0%         N/A       69%         4
 Fireball                 Conj/Fire      2%         3d4       82%         5
 Starburst                Conj/Fire      2%         6d3       100%        6
 Enfeeble                 Hex            0%         N/A       100%        7
 Ignition                 Fire           5%         3d4       100%        8


Dungeon Overview and Level Annotations

Branches:
Dungeon (7/15)             Temple (0/1) D:6          Bailey (1/1)

Altars:
Dithmenos
Hepliaklqana
Qazlal
Trog
Zin

Shops:
D:6 =


Innate Abilities, Weirdness & Mutations

You are a tree.
Your roots penetrate the ground, keeping you stationary.
You cannot be teleported.
You are immune to unholy pain and torment.
Your maximum health is greatly increased.
You cannot wear most types of armour.
((You are amphibious.))
You can wear up to eight rings at the same time.
((Your skin changes colour to match your surroundings (Stealth+).))
((Your rubbery body absorbs attacks. (AC +1, EV +1)))
((You are camouflaged when in or above water. (Stealth+)))
((You have tentacles for arms and can constrict up to eight enemies at once.))


Message History

You block the orc knight's attack.
Really quaff the potion of lignification?
You turn into a tree.
Your roots penetrate the ground.
The orc knight hits you with a +0 war axe!!
* * * LOW HITPOINT WARNING * * *
Unknown command.
Okay, then.
You hit the orc knight but do no damage.
The orc knight is lightly wounded.
You block the orc knight's attack.
You closely miss the orc knight.
The orc knight is lightly wounded.
You feel a bit more experienced.
The orc warrior no longer looks unusually strong.
The orc knight roars a battlecry!
The orc warrior goes into a battle-frenzy!
The orc warrior hits you with a +0 war axe.
* * * LOW HITPOINT WARNING * * *
Unknown command.
Okay, then.
Okay, then.
Okay, then.
A protective cloak of flame settles atop you.
The orc knight hits you but does no damage.
The orc knight is burned by your cloak of flames.
The orc knight is lightly wounded.
Unknown command.
You hit the orc warrior. You drain the orc warrior.
The orc warrior is moderately wounded.
The orc warrior no longer looks unusually strong.
The orc warrior hits you with a +0 war axe.
* * * LOW HITPOINT WARNING * * *
The orc warrior is burned by your cloak of flames.
The orc warrior is moderately wounded.
Unknown command.
You hit the orc knight but do no damage.
You drain the orc knight.
The orc knight is lightly wounded.
The orc warrior hits you but does no damage.
The orc warrior is burned by your cloak of flames.
The orc warrior is heavily wounded.
The orc warrior hits you with a +0 war axe.
* * * LOW HITPOINT WARNING * * *
Unknown command.
You feel better.
The orc knight hits you but does no damage.
The orc knight is burned by your cloak of flames.
The orc knight is moderately wounded.
The orc warrior barely misses you.
The orc warrior hits you but does no damage.
It was a potion of berserk rage.
A red film seems to cover your vision as you go berserk!
You feel yourself moving faster!
You feel mighty!
The orc knight roars a battlecry!
The orc warrior goes into a battle-frenzy!
The orc warrior hits you but does no damage. x2
You hit the orc knight. You drain the orc knight.
The orc knight is moderately wounded.
You puncture the orc knight! You drain the orc knight.
The orc knight is heavily wounded.
The orc knight completely misses you.
The orc warrior hits you but does no damage.
The orc warrior is burned by your cloak of flames.
The orc warrior is severely wounded.
The orc warrior hits you with a +0 war axe!
* * * LOW HITPOINT WARNING * * *
You barely miss the orc knight.
The orc knight is heavily wounded.
You hit the orc knight.
The orc knight is heavily wounded.
The orc knight hits you but does no damage.
The orc knight is burned by your cloak of flames.
The orc knight is heavily wounded.
The orc warrior hits you with a +0 war axe!
* * * LOW HITPOINT WARNING * * *
The orc warrior is burned by your cloak of flames.
The orc warrior is almost dead.
The orc warrior hits you but does no damage.
The orc warrior is burned by your cloak of flames.
The orc warrior is moderately wounded.
You strike the helpless orc warrior from behind!
You puncture the orc warrior!
You kill the orc warrior!
You puncture the orc knight!
The orc knight is severely wounded.
The orc knight hits you but does no damage.
The orc knight is burned by your cloak of flames.
The orc knight is severely wounded.
You strike the helpless orc knight from behind!
You impale the orc knight!!
You kill the orc knight!
You feel your dexterity returning.
Your Evocations skill gained 2 levels and is now at level 3!
Unknown command.
You hit the orc warrior.
The orc warrior is heavily wounded.
You completely miss the orc warrior.
The orc warrior is heavily wounded.
The orc warrior hits you with a +0 war axe!
You die...

#........)..#........
#...........#........ ♣
###....)....###..g.... ♣♣
###.#)#.....###.###.....
.♣♣♣###.....###.###.....###.##
...##......g..###:........###
...#...........#..........##
...'...........#...........#8
∩..'.....⌠.....#♣o.........'.
...o........)..#)..........#
..o#o.......)..#..........#
...##.........###).)......#
...♣###.....###.###.....##
.♣♣♣ ###.#)#.....###.### ♣♣
###)))......### #...........#
#...........#


You could see an orc warrior (strong, can't see you).

Vanquished Creatures
  An orc knight (Bailey)
  A steam dragon (D:6)
  Menkaure (D:5)
  10 orc warriors (Bailey)
  A sky beast (D:7)
  A black bear (D:7)
  3 ogres
  A centaur (D:7)
  A phantom (D:5)
  Blork the orc (D:5)
  A kobold brigand (D:6)
  A necrophage (D:7)
  A bullfrog (D:7)
  2 scorpions
  A howler monkey (D:6)
  2 hounds
  A jelly (D:6)
  2 orc priests (D:6)
  A gnoll shaman (D:7)
  2 iguanas (D:5)
  Terence (D:3)
  2 orc wizards (D:5)
  Robin (D:2)
  11 gnolls
  3 adders
  2 shadow imps
  5 white imps
  2 ufetubi
  A worm (D:2)
  A dart slug (D:3)
  21 orcs
  5 endoplasms
  A giant cockroach (D:1)
  28 goblins
  16 hobgoblins
  2 jackals (D:1)
  7 kobolds
  3 quokkas
  13 ball pythons
  4 frilled lizards
  2 rats (D:1)
166 creatures vanquished.

Vanquished Creatures (others)
  40 foxfires (Bailey)
  3 plants (D:7)
43 creatures vanquished.

Grand Total: 209 creatures vanquished

Notes
Turn   | Place    | Note
-------+----------+-------------------------------------------
     0 | D:1      | Flugkiller the Octopode Cinder Acolyte began the quest for
                  | the Orb.
     0 | D:1      | Reached XP level 1. HP: 16/16 MP: 2/2
   103 | D:1      | Reached skill level 1 in Stealth
   346 | D:1      | Reached skill level 1 in Dodging
   346 | D:1      | Reached XP level 2. HP: 21/21 MP: 3/3
   355 | D:1      | Learned a level 2 spell: Scorch
   494 | D:1      | You fall into a shaft and drop 1 floor!
   848 | D:1      | Found a faded altar of an unknown god.
   854 | D:1      | Reached XP level 3. HP: 26/26 MP: 4/4
  1505 | D:2      | Reached skill level 2 in Dodging
  2041 | D:2      | Noticed Robin
  2097 | D:2      | Killed Robin
  2098 | D:2      | Reached XP level 4. HP: 24/31 MP: 0/5
  2987 | D:3      | Noticed Terence
  3000 | D:3      | Killed Terence
  3001 | D:3      | Reached skill level 3 in Dodging
  3346 | D:3      | Reached XP level 5. HP: 36/36 MP: 6/6
  3999 | D:4      | Found a shadowy altar of Dithmenos.
  4002 | D:4      | Found a stormy altar of Qazlal.
  4026 | D:4      | Found a bloodstained altar of Trog.
  4027 | D:4      | Found a glowing silver altar of Zin.
  4122 | D:5      | Entered Level 5 of the Dungeon
  4122 | D:5      | Noticed Blork the orc
  4131 | D:5      | Killed Blork the orc
  4132 | D:5      | Reached skill level 4 in Dodging
  4132 | D:5      | Reached skill level 5 in Stealth
  4335 | D:5      | Reached XP level 6. HP: 39/42 MP: 4/7
  4367 | D:5      | Identified the +8 hand axe of the Globe {chaos, rF+ Int+4}
  4406 | D:5      | Reached skill level 5 in Dodging
  4599 | D:5      | Noticed Menkaure
  4607 | D:5      | Killed Menkaure
  4608 | D:5      | Reached XP level 7. HP: 16/49 MP: 8/8
  4855 | D:5      | Reached skill level 5 in Fighting
  5729 | D:6      | Reached XP level 8. HP: 53/58 MP: 9/9
  5989 | D:6      | Found a staircase to the Ecumenical Temple.
  6159 | D:6      | Reached skill level 6 in Dodging
  6518 | D:6      | Found Zutus's Jewellery Shoppe.
  6754 | D:6      | Reached skill level 7 in Dodging
  6754 | D:6      | Reached skill level 1 in Short Blades
  6940 | D:7      | Found a hazy altar of Hepliaklqana.
  7225 | D:7      | Reached skill level 1 in Shields
  7225 | D:7      | Reached XP level 9. HP: 36/64 MP: 10/10
  7340 | D:7      | Found a flagged portal.
  7349 | Bailey   | Entered a bailey
  7899 | Bailey   | Reached skill level 13 in Dodging
  7899 | Bailey   | Reached XP level 10. HP: 22/73 MP: 4/11
  7910 | Bailey   | Reached skill level 1 in Evocations
  7981 | Bailey   | Noticed an orc warlord
  7984 | Bailey   | Noticed an orc knight
  8006 | Bailey   | HP: 3/163 [orc warrior/+0 war axe (8)]
  8009 | Bailey   | Killed an orc knight
  8012 | Bailey   | Mangled by an orc warrior

Illustrated notes

Levels and vault maps discovered:
D:1:      matt_arrival_diagonals, layout_loops_cross,
          hellmonk_ecumenical_altar_leap_of_faith, hangedman_decor_points
D:2:      layout_loops_corners, uniq_robin
D:3:      layout_basic, uniq_terence
D:4:      cheibrodos_greedy_goblins, layout_basic, minitemple,
          lemuel_old_faithful
D:5:      layout_loops_ring, minmay_crossroads, uniq_blork_the_orc,
          uniq_menkaure
D:6:      layout_basic, minmay_temple_entry_water_ring, serial_shops, shop,
          ldierk_geyser, nicolae_water_bricks
D:7:      kennysheep_big_flooded_room, layout_basic,
          mainiacjoe_overflow_small_starburst, enter_bailey_8,
          serial_bayou_pond_b, kennysheep_generic_room_9
Bailey:   bailey_axe_minmay_hex_keep, bailey

Skill      XL: |  1  2  3  4  5  6  7  8  9 10 |
---------------+-------------------------------+-----
Stealth        | 1 2 3 4 5 |  5.0
Dodging        | 1 2 3 4 5 7 13 | 13.0
Fighting       | 4 6 7 8 |  8.4
Short Blades   | 4 |  4.0
Shields        | 1 4 |  4.0
Evocations     | 3 |  3.1
Polearms       | |  3.0
Spellcasting   | |  1.0
Fire Magic     | |  3.0

Action                   |  1- 3 |  4- 6 |  7- 9 | 10-12 || total
-------------------------+-------+-------+-------+-------++-------
Melee: Spear             |    75 |    67 |       |       ||   142
       Constrict         |    14 |    16 |    40 |       ||    70
       Tentacles         |    11 |    15 |    44 |       ||    70
       Punch             |     1 |     2 |     2 |       ||     5
       Dagger            |       |    20 |   195 |    14 ||   229
Throw: Dart              |       |     1 |     4 |     3 ||     8
 Cast: Scorch            |     5 |    20 |    34 |     2 ||    61
Invok: Fiery Armour      |       |       |     3 |     1 ||     4
       Foxfire Swarm     |       |       |     2 |     1 ||     3
Evoke: Wand              |       |       |     4 |     2 ||     6
  Use: Scroll            |       |     9 |     8 |     2 ||    19
       Potion            |       |       |     3 |     6 ||     9
 Stab: Sleeping          |     9 |     5 |     4 |       ||    18
       Distracted        |     1 |       |       |       ||     1
       Invisible         |       |       |       |     2 ||     2
Armor: Skin              |     5 |     1 |    13 |    10 ||    29
Dodge: Dodged            |    23 |    50 |   116 |     2 ||   191
Block: Buckler           |       |       |    14 |     2 ||    16

Table legend: (Time is in decaauts)
 A = Elapsed time spent in this place.
 B = Non-inter-level travel time spent in this place.
 C = Inter-level travel time spent in this place.
 D = Time resting spent in this place.
 E = Time spent auto-exploring this place.
 F = Levels seen in this place.
 G = Mean time per level.
                   A        B        C        D        E       F      G
               +--------+--------+--------+--------+--------+-----+--------+
         Total |   7986 |   7642 |    344 |   2897 |   3124 |   8 |  998.2 |
       Dungeon |   7340 |   6996 |    344 |   2532 |   3124 |   7 | 1048.6 |
        Bailey |    646 |    646 |      0 |    365 |      0 |   1 |  646.0 |
               +--------+--------+--------+--------+--------+-----+--------+

Top non-repeatable levels by time:
     D:2: 1496 daAuts
     D:5: 1268 daAuts
     D:6: 1185 daAuts
     D:1: 1173 daAuts
     D:4: 1037 daAuts
     D:3: 737 daAuts
  Bailey: 646 daAuts
     D:7: 440 daAuts
